 Dungeon Crawl Stone Soup version 0.31.0-11-ge490571c62 (webtiles) character file.

Game seed: 16286310135445313326

29952 zenocrate the Severer (level 13, -14/112 HPs)
             Began as a Minotaur Delver on Feb 1, 2024.
             Was the Champion of Cheibriados.
             Killed from afar by a fire dragon (38 damage)
             ... with a blast of flame
             ... on level 5 of the Lair of Beasts.
             The game lasted 00:13:58 (15108 turns).

zenocrate the Severer (Minotaur Delver)            Turns: 15108, Time: 00:13:59

Health: -14/112    AC: 15    Str: 37    XL:     13   Next: 17%
Magic:  16/16      EV: 25    Int: 22    God:    Cheibriados [******]
Gold:   646        SH:  7    Dex: 27    Spells: 10/12 levels left

rFire   . . .        a - +0 war axe (heavy)
rCold   . . .        p - +0 buckler
rNeg    . . .        P - +0 acid dragon scales
rPois   .            (helmet restricted)
rElec   .            F - +0 cloak
rCorr   +            o - +1 pair of gloves {Stlth+}
SInv    .            (no boots)
Will    .....        N - amulet of faith
Stlth   ++++         j - +5 ring of evasion
HPRegen 0.38/turn    I - +4 ring of protection
MPRegen 0.15/turn

%: faith
@: mighty, very slow
A: horns 2, retaliatory headbutt
a: Renounce Religion, Bend Time, Temporal Distortion, Slouch, Step From Time


You were on level 5 of the Lair of Beasts.
You worshipped Cheibriados.
Cheibriados was exalted by your worship.
You visited 3 branches of the dungeon, and saw 14 of its levels.
You also visited: Sewer.

You collected 798 gold pieces.
You spent 152 gold pieces at shops.

Inventory:

Hand Weapons
 a - a +0 heavy war axe (weapon)
 b - a +0 battleaxe of draining
 U - a +0 morningstar
Missiles
 h - 30 poisoned darts (quivered)
 A - 7 boomerangs
 M - 4 silver javelins
Armour
 o - a +1 pair of gloves of stealth (worn)
 p - a +0 buckler (worn)
 u - a scarf of repulsion
 F - a +0 cloak (worn)
 P - +0 acid dragon scales (worn)
 S - +2 steam dragon scales
Jewellery
 j - a +5 ring of evasion (left hand)
 r - a +4 ring of slaying
 z - a +6 ring of strength
 I - a +4 ring of protection (right hand)
 L - a ring of ice
 N - an amulet of faith (around neck)
Wands
 f - a wand of mindburst (16)
 g - a wand of digging (3)
 n - a wand of polymorph (5)
 H - a wand of roots (17)
 J - a wand of paralysis (12)
 K - a wand of flame (16)
Scrolls
 c - a scroll of fog
 d - a scroll of butterflies
 e - a scroll of fear
 k - 2 scrolls of blinking
 s - 4 scrolls of revelation
 t - 3 scrolls of immolation
 v - a scroll of amnesia {unknown}
 y - 2 scrolls of brand weapon
 D - a scroll of poison {unknown}
 G - a scroll of enchant weapon {unknown}
 O - 2 scrolls of vulnerability {unknown}
 Q - 2 scrolls of enchant armour
Potions
 i - 2 potions of might
 m - 4 potions of enlightenment
 q - a potion of resistance
 w - 3 potions of invisibility {unknown}
 x - a potion of lignification
 B - a potion of curing
 C - a potion of ambrosia
 E - a potion of magic
 R - a potion of heal wounds
 T - 2 potions of brilliance {unknown}


   Skills:
 + Level 9.7 Fighting
 + Level 15.7 Axes
 + Level 6.5 Throwing
 + Level 6.4 Armour
 + Level 8.7 Dodging
 - Level 4.1 Stealth
 * Level 6.6 Shields
 - Level 3.9 Translocations
 + Level 6.4 Invocations
 - Level 6.6 Evocations


You had 10 spell levels left.
You knew the following spells:

 Your Spells              Type           Power      Damage    Failure   Level
x - Blink                 Tloc           34%        N/A       6%          2

Your spell library contained the following spells:

 Spells                   Type           Power      Damage    Failure   Level
 Lesser Beckoning         Tloc           34%        N/A       6%          2
 Momentum Strike          Conj/Tloc      16%        3d8       14%         2
 Foxfire                  Conj/Fire      0%         2x1d4     22%         1
 Sandblast                Erth           0%         2d4       22%         1
 Mercury Vapours          Alch/Air       0%         N/A       32%         2
 Mephitic Cloud           Conj/Alch/Air  0%         N/A       54%         3
 Passwall                 Erth           0%         N/A       54%         3
 Stone Arrow              Conj/Erth      0%         3d7       54%         3
 Brom's Barrelling Bould  Conj/Erth      0%         2d3       91%         4
 Freezing Cloud           Conj/Ice/Air   0%         6-21      99%         5
 Plasma Beam              Fire/Air       0%         2x1d10    100%        6
 Starburst                Conj/Fire      0%         6d3       100%        6


Dungeon Overview and Level Annotations

Branches:
Dungeon (8/15)             Temple (1/1) D:6            Lair (5/5) D:8
  Swamp (0/4) Lair:2        Snake (0/4) Lair:3        Slime (0/5) Lair:5
  Sewer (visited)

Altars:
Ashenzari
Cheibriados
Dithmenos
Elyvilon
Gozag
Hepliaklqana
Makhleb
Nemelex Xobeh
Okawaru
Qazlal
Ru
Sif Muna
Trog
Wu Jian
Xom
Yredelemnul
Zin
The Shining One

Shops:
D:7 *

Annotations:
Lair:5 exclusion: 2 oklob plants


Innate Abilities, Weirdness & Mutations

You have a pair of horns on your head.
You reflexively headbutt those who attack you in melee.


Message History

The fire dragon completely misses you. You block the fire dragon's attack.
The fire dragon tramples you!
You stumble backwards!
Splash!
The plant is engulfed in a cloud of scalding steam.
The fire dragon breathes flames at you. The blast of flame hits you!!!
You block the fire dragon's attack. The fire dragon barely misses you.
The fire dragon misses you.
You feel much better.
A nearby plant withers and dies.
The fire dragon bites you but does no damage.
The fire dragon claws you. The fire dragon closely misses you.
Unknown command.
You feel very mighty all of a sudden. You block the fire dragon's attack.
The fire dragon barely misses you. You block the fire dragon's attack.
Unknown command.
You closely miss the fire dragon. Your headbutt misses the fire dragon.
The fire dragon closely misses you. You block the fire dragon's attack.
The fire dragon completely misses you.
You closely miss the fire dragon. The fire dragon completely misses you.
You furiously retaliate!
You headbutt the fire dragon! The fire dragon closely misses you. x2
You slash the fire dragon!
The fire dragon is moderately wounded.
The fire dragon bites you but does no damage.
The fire dragon misses you. You block the fire dragon's attack.
You closely miss the fire dragon.
The fire dragon is moderately wounded.
The fire dragon closely misses you.
The fire dragon claws you but does no damage.
The fire dragon completely misses you.
You completely miss the fire dragon.
The fire dragon is moderately wounded.
The fire dragon breathes flames at you. The blast of flame hits you!!!
* * * LOW HITPOINT WARNING * * *
You hit the fire dragon but do no damage.
The fire dragon is moderately wounded.
The fire dragon breathes flames at you. The blast of flame hits you!!!
You die...

#
♣P.P....♣♣(.$.~≈≈..♣
#
♣......♣♣♣??.~≈≈..♣♣
#
♣♣.♣...♣♣..!..≈≈~.♣
#
♣♣..~≈♣♣♣$)..~~.♣♣♣
# ♣..♣~~♣♣)().~≈~~.♣
# ♣♣...~~♣♣♣..~≈~$.♣
♣♣..P~~♣♣~~≈~.♣
♣♣♣...~♣♣D~..♣
♣♣.~≈≈≈@..♣♣
♣..~≈~..♣♣ ♣♣♣~~..♣♣
♣♣♣♣♣♣


You could see a fire dragon (catching breath).

Vanquished Creatures
  A boulder beetle (Lair:4)
  A two-headed ogre (D:8)
  Nergalle (Lair:2)
  2 skysharks (Lair:5)
  2 spriggan druids (Lair:2)
  A swamp dragon (Lair:5)
  Pikel (D:4)
  A wolf spider (Lair:5)
  8 elephants
  6 black mambas
  7 cane toads
  Maggie (D:8)
  4 rime drakes
  8 komodo dragons
  2 ice devils (Lair:2)
  2 polar bears
  A hornet (Lair:2)
  13 blink frogs
  6 dream sheep (Lair:5)
  3 wyverns
  17 yaks
  3 basilisks (Lair:1)
  3 steam dragons
  Grum (D:8)
  3 acid dragons (Lair:5)
  11 water moccasins
  3 orc warriors
  A swamp drake (Lair:5)
  3 sky beasts
  A black bear (D:4)
  An ice beast (D:6)
  14 wolves
  3 centaurs (D:8)
  A lemure (D:4)
  A phantom (D:7)
  2 kobold brigands
  A brain worm (Sewer)
  9 bullfrogs
  6 scorpions
  4 wights (D:8)
  An electric eel (Lair:4)
  A howler monkey (D:4)
  2 bombardier beetles
  3 hounds
  4 jellies
  Crazy Yiuf (D:4)
  8 iguanas
  7 orc priests
  A gnoll bouda (D:7)
  3 orc wizards
  6 hell rats (Lair:1)
  A hound zombie (D:3)
  8 adders
  11 gnolls
  A river rat (Sewer)
  2 shadow imps
  A white imp (D:6)
  4 ufetubi (D:5)
  3 ribbon worms
  2 dart slugs (Sewer)
  26 orcs
  14 ball pythons
  14 bats
  4 endoplasms
  8 giant cockroaches
  8 goblins
  12 hobgoblins
  8 jackals
  4 quokkas
  A ball python zombie (D:3)
  A frilled lizard (D:1)
  20 kobolds
  6 rats
355 creatures vanquished.

Vanquished Creatures (others)
  An orc wizard (D:8)
1 creature vanquished.

Grand Total: 356 creatures vanquished

Notes
Turn   | Place    | Note
-------+----------+-------------------------------------------
     0 | D:5      | zenocrate the Minotaur Delver began the quest for the Orb.
     0 | D:5      | Reached XP level 1. HP: 19/19 MP: 0/0
    11 | D:5      | Reached skill level 3 in Axes
   128 | D:5      | Noticed a scorpion
   140 | D:5      | Killed a scorpion
   141 | D:5      | Reached skill level 5 in Axes
   141 | D:5      | Reached XP level 2. HP: 21/26 MP: 1/1
   141 | D:5      | Reached XP level 3. HP: 25/31 MP: 2/2
   141 | D:5      | Reached XP level 4. HP: 32/39 MP: 3/3
   267 | D:5      | Noticed a scorpion
   276 | D:5      | Killed a scorpion
   277 | D:5      | Reached skill level 6 in Axes
   340 | D:5      | Reached XP level 5. HP: 45/45 MP: 4/4
   351 | D:4      | Noticed a black bear
   361 | D:4      | Killed a black bear
   362 | D:4      | Reached skill level 7 in Axes
   391 | D:4      | Found a snail-covered altar of Cheibriados.
   426 | D:4      | Reached XP level 6. HP: 35/51 MP: 5/5
   486 | D:4      | Found a glowing drain.
   490 | Sewer    | Entered a sewer
   705 | Sewer    | Reached skill level 8 in Axes
   705 | Sewer    | Reached skill level 1 in Evocations
  1238 | D:4      | Identified the +0 robe of Day {^Contam MP+9 Int+3 Slay+2}
  1338 | D:4      | Became a worshipper of Cheibriados the Contemplative
  1673 | D:2      | Reached * piety under Cheibriados
  2514 | D:1      | Reached ** piety under Cheibriados
  2862 | D:3      | Identified the +0 pair of gloves of the Snail {Int+5}
  3024 | D:3      | Reached XP level 7. HP: 7/57 MP: 6/6
  3317 | D:3      | Found a basalt altar of Yredelemnul.
  4246 | D:4      | Found an iron altar of Okawaru.
  4423 | D:4      | Reached *** piety under Cheibriados
  4482 | D:4      | Reached skill level 9 in Axes
  4658 | D:4      | Noticed Pikel
  4669 | D:4      | Killed Pikel
  4670 | D:4      | Reached skill level 10 in Axes
  4670 | D:4      | Reached XP level 8. HP: 42/64 MP: 7/7
  4774 | D:4      | Learned a level 2 spell: Blink
  4783 | D:4      | Found a runed translucent door.
  4784 | D:4      | Noticed Crazy Yiuf
  4963 | D:4      | Reached skill level 1 in Invocations
  5046 | D:4      | Killed Crazy Yiuf
  5754 | D:6      | Reached **** piety under Cheibriados
  5866 | D:6      | Reached skill level 11 in Axes
  5970 | D:6      | Found a staircase to the Ecumenical Temple.
  6013 | D:6      | Reached skill level 5 in Fighting
  6068 | Temple   | Entered the Ecumenical Temple
  6123 | D:6      | Found an opulent altar of Gozag.
  6124 | D:6      | Found a white marble altar of Elyvilon.
  6124 | D:6      | Found a shimmering blue altar of Sif Muna.
  6126 | D:6      | Found a hazy altar of Hepliaklqana.
  6382 | D:6      | Reached XP level 9. HP: 74/74 MP: 10/10
  7021 | D:7      | Reached skill level 12 in Axes
  7084 | D:7      | Reached ***** piety under Cheibriados
  7731 | D:7      | Reached skill level 13 in Axes
  7752 | D:7      | Found Notaol's Assorted Antiques.
  7758 | D:7      | Bought a scroll labelled NUK LIONOGUI for 19 gold pieces
  7758 | D:7      | Bought a small opal ring for 95 gold pieces
  7758 | D:7      | Bought a scroll of identify for 38 gold pieces
  7926 | D:8      | Found a staircase to the Lair.
  7954 | D:8      | Noticed a two-headed ogre
  7960 | D:8      | Killed a two-headed ogre
  7961 | D:8      | Reached skill level 14 in Axes
  7961 | D:8      | Reached skill level 5 in Dodging
  7961 | D:8      | Reached XP level 10. HP: 16/84 MP: 11/11
  8196 | D:8      | Noticed Grum
  8205 | D:8      | Killed Grum
  8510 | D:8      | Noticed Maggie
  8518 | D:8      | Killed Maggie
  9011 | Lair:1   | Entered Level 1 of the Lair of Beasts
  9228 | Lair:1   | Reached skill level 1 in Throwing
  9228 | Lair:1   | Reached skill level 1 in Armour
  9228 | Lair:1   | Reached skill level 1 in Shields
  9294 | Lair:1   | Noticed a black mamba
  9299 | Lair:1   | Killed a black mamba
  9468 | Lair:1   | Noticed a cane toad
  9469 | Lair:1   | Reached skill level 1 in Translocations
  9480 | Lair:1   | Reached ****** piety under Cheibriados
  9482 | Lair:1   | Killed a cane toad
  9995 | Lair:2   | Reached skill level 5 in Evocations
 10004 | Lair:2   | Reached XP level 11. HP: 92/92 MP: 12/12
 10089 | Lair:2   | Noticed a spriggan druid
 10089 | Lair:2   | Noticed a spriggan druid
 10095 | Lair:2   | HP: 4/92 [spriggan druid/+0 quarterstaff (7)]
 10102 | Lair:2   | Killed a spriggan druid
 10352 | Lair:2   | Noticed Nergalle
 10361 | Lair:2   | Killed Nergalle
 10641 | Lair:2   | Found a staircase to the Swamp.
 10655 | Lair:2   | Killed a spriggan druid
 11265 | Lair:2   | Identified the +1 dagger "Loopy" {drain, *Rage Dex+6}
 11324 | Lair:3   | Reached skill level 15 in Axes
 11484 | Lair:3   | Reached skill level 5 in Invocations
 11554 | Lair:3   | Reached XP level 12. HP: 91/103 MP: 14/14
 11977 | Lair:3   | Found a staircase to the Snake Pit.
 12035 | Lair:3   | You fall into a shaft and drop 2 floors!
 12035 | Lair:5   | Entered Level 5 of the Lair of Beasts
 12044 | Lair:5   | Reached skill level 5 in Shields
 12080 | Lair:5   | Reached skill level 5 in Armour
 12116 | Lair:4   | Reached skill level 5 in Throwing
 12695 | Lair:4   | Identified the +3 orcbow of Qeenon {flame, rF+}
 12849 | Lair:4   | Noticed a boulder beetle
 12867 | Lair:4   | Killed a boulder beetle
 13781 | Lair:5   | Reached XP level 13. HP: 105/111 MP: 16/16
 13975 | Lair:5   | Found a staircase to the Slime Pits.
 14692 | Lair:5   | Noticed a fire dragon
 15108 | Lair:5   | Killed from afar by a fire dragon

Illustrated notes

Levels and vault maps discovered:
D:1:      dpeg_arrival_yet_another_circle, layout_loops_ring, serial_rivers,
          chequers_serial_rivers_large_a, chequers_serial_rivers_small_b,
          chequers_serial_rivers_large_b, chequers_serial_rivers_micro_b,
          chequers_serial_rivers_small_b, minmay_tetromino_s2
D:2:      layout_basic, chequers_serial_rivers_small_3
D:3:      layout_basic, lemuel_zombie_altar_yredelemnul
D:4:      layout_gridville, mainiacjoe_overflow_catch_the_wave,
          gup_sewer_entry_bowl, grunt_ministairs_14, uniq_crazy_yiuf_cottage,
          uniq_pikel
D:5:      layout_loops_ring
D:6:      layout_gridville, chequers_temple_overflow_statue_of_worship,
          minmay_temple_entry_fiery, chequers_serial_rivers_small_a,
          st_stairs_9, hangedman_abyss_or_decor_stabs, sigmund_army
D:7:      layout_loops_ring, serial_shops, nicolae_shop_tiny_real_fake_doors
D:8:      layout_gridville, erik_lair_orcish_takeover, uniq_grum, uniq_maggie
Temple:   nicolae_temple_ecumenical_triangle
Lair:1:   layout_gridlike
Lair:2:   layout_cave_shapes, mainiacjoe_swamp_entry_angry_trees,
          portal_ice_cave_demonic_guard, serial_bayou_pond_d, uniq_nergalle
Lair:3:   layout_cave_pods, dummy_snake_entry, st_stairs_10,
          chequers_serial_rivers_micro_b
Lair:4:   layout_big_grid, serial_bayou_shore_a, infiniplex_staircase_pool
Lair:5:   guppyfry_lair_end_dragon, layout_long_grid,
          minmay_slime_entry_oklob_open, grunt_forest_large_clearings

Skill      XL: |  1  2  3  4  5  6  7  8  9 10 11 12 |
---------------+-------------------------------------+-----
Axes           | 5 6 7 8 10 11 14 15 | 15.7
Evocations     | 2 4 5 6 |  6.6
Invocations    | 3 5 6 |  6.4
Fighting       | 5 6 7 8 9 |  9.7
Dodging        | 5 6 7 8 |  8.7
Throwing       | 2 4 6 |  6.5
Armour         | 2 4 6 |  6.4
Shields        | 2 4 6 |  6.6
Translocations | 1 2 3 |  3.9
Stealth        | |  4.1

Action                     |  1- 3 |  4- 6 |  7- 9 | 10-12 | 13-15 || total
---------------------------+-------+-------+-------+-------+-------++-------
  Melee: Hand axe          |    13 |   173 |   256 |       |       ||   442
         Headbutt          |     1 |    26 |    62 |    58 |    12 ||   159
         Punch             |       |     4 |     4 |       |       ||     8
         Battleaxe         |       |       |     4 |   243 |       ||   247
         War axe           |       |       |       |    15 |    54 ||    69
  Throw: Dart              |       |     1 |     1 |     1 |     1 ||     4
 Invoke: Slouch            |       |       |       |     1 |       ||     1
  Evoke: Wand              |       |     2 |     1 |       |     5 ||     8
    Use: Scroll            |       |     5 |     8 |     6 |     2 ||    21
         Potion            |       |       |       |     1 |     4 ||     5
   Stab: Sleeping          |       |     9 |     3 |    13 |     2 ||    27
         Distracted        |       |       |       |     1 |       ||     1
         Paralysed         |       |       |       |       |     1 ||     1
 Armour: Leather armour    |     6 |     2 |       |       |       ||     8
         Scale mail        |       |   131 |    16 |       |       ||   147
         Chain mail        |       |       |   186 |     5 |       ||   191
         Steam dragon scal |       |       |       |   139 |    14 ||   153
         Acid dragon scale |       |       |       |       |    20 ||    20
  Dodge: Dodged            |    11 |   123 |   122 |   296 |    63 ||   615
  Block: Buckler           |       |       |       |     8 |    20 ||    28
